 Dungeon Crawl Stone Soup version 0.25.0-11-g1f837a76a1 (webtiles) character file.

Game seed: 10149505767642404145

16 Esekla the Grave Robber (level 2, 0/21 HPs)
             Began as a Barachi Necromancer on June 28, 2020.
             Slain by a bullfrog (6 damage)
             ... on level 2 of the Dungeon.
             The game lasted 00:03:15 (440 turns).

Esekla the Grave Robber (Barachi Necromancer)        Turns: 440, Time: 00:03:16

Health: 0/21       AC:  2    Str:  9    XL:     2   Next: 54%
Magic:  1/5        EV: 12    Int: 15    God:
Gold:   0          SH:  0    Dex: 12    Spells: 5/6 levels left

rFire    . . .     SeeInvis .   b - +0 dagger
rCold    . . .     Gourm    .   (no shield)
rNeg     . . .     Faith    .   a - +0 robe
rPois    .         Spirit   .   (no helmet)
rElec    .         Reflect  .   (no cloak)
rCorr    .         Harm     .   (no gloves)
MR       .....                  (no boots)
Stlth    ++........             (no amulet)
HPRegen  0.07/turn              (no ring)
MPRegen  0.09/turn              (no ring)

@: lethally poisoned (0 -> -1), slow
A: +LOS, swims, slowness 1, strong legs 1
a: Hop


You were on level 2 of the Dungeon.
You were not hungry.

You visited 1 branch of the dungeon, and saw 2 of its levels.

Inventory:

Hand Weapons
 b - a +0 dagger (weapon)
Armour
 a - a +0 robe (worn)
 h - a scarf of resistance
Scrolls
 d - a scroll of teleportation {unknown}
 g - a scroll of identify {unknown}
Potions
 e - 2 potions of stabbing {unknown}
 f - 2 potions of invisibility {unknown}
Comestibles
 c - 2 rations


   Skills:
 * Level 1.4 Fighting
 + Level 2.3 Dodging
 - Level 1.7 Stealth
 * Level 2.7 Spellcasting
 - Level 3.6 Necromancy


You had 5 spell levels left.
You knew the following spells:

 Your Spells              Type           Power        Failure   Level  Hunger
a - Pain                  Necr           ##..         4%          1    #......

Your spell library contained the following spells:

 Spells                   Type           Power        Failure   Level  Hunger
 Animate Skeleton         Necr           N/A          4%          1    #......
 Vampiric Draining        Necr           ##........   14%         3    ###....
 Animate Dead             Necr           N/A          43%         4    #####..
 Agony                    Necr           ##......     78%         5    ######.


Dungeon Overview and Level Annotations

Branches:
Dungeon (2/15)

Altars:
Elyvilon

Annotations:
D:2 Robin


Innate Abilities, Weirdness & Mutations

You can be seen from farther away. (+LOS)
You can swim through water.
You cover ground slowly.
You can hop short distances.


Message History

The adder writhes in agony.
You kill the adder!
The bullfrog closely misses you.
You hit the bullfrog.
The bullfrog is lightly wounded.
You feel sick. The bullfrog misses you.
Casting: Pain (safe; 4% risk of failure)
Confirm with . or Enter, or press ? or * to list all spells.
Aiming: Pain (safe; 4% risk of failure)
Press: ? - help, Shift-Dir - straight line, f - orc
Aim: an orc, wielding a +0 flail (chance to defeat MR: 82%)
The orc writhes in agony.
The bullfrog misses you. The orc closely misses you. The bullfrog misses you.
Casting: Pain (safe; 4% risk of failure)
Confirm with . or Enter, or press ? or * to list all spells.
Aiming: Pain (safe; 4% risk of failure)
Press: ? - help, Shift-Dir - straight line, f - bullfrog, p - orc
Aim: a bullfrog (lightly wounded, chance to defeat MR: 68%)
The bullfrog writhes in agony.
The bullfrog hits you.
You die...

... .# #.. .# #
###.## .# .#
#.._..#.##..#
##.#.#......#
####..#.##....#
#l.........##.#
#o##..######
#.@Fg## #..####
$.... ......##
.....# .....
.... ###


You could see a bullfrog, an orc, a hobgoblin and a frilled lizard.

Vanquished Creatures
  An adder (D:2)
  4 goblins (D:1)
  A hobgoblin (D:1)
  2 frilled lizards
8 creatures vanquished.

Notes
Turn   | Place    | Note
-------+----------+-------------------------------------------
     0 | D:1      | Esekla the Barachi Necromancer began the quest for the Orb.
     0 | D:1      | Reached XP level 1. HP: 13/13 MP: 3/3
   189 | D:2      | Reached skill level 1 in Fighting
   197 | D:2      | Noticed Robin
   199 | D:1      | Reached XP level 2. HP: 8/21 MP: 1/5
   425 | D:2      | Found a white marble altar of Elyvilon.
   425 | D:2      | Noticed a bullfrog
   440 | D:2      | Slain by a bullfrog

Illustrated notes

Levels and vault maps discovered:
D:1:      minmay_arrival_jagged, layout_basic, kennysheep_boxes
D:2:      layout_rooms, lemuel_crystal_altar, uniq_robin

Skill      XL: |  1 |
---------------+----+-----
Fighting       | 1 |  1.4
Dodging        | |  2.3
Stealth        | |  1.7
Spellcasting   | |  2.7
Necromancy     | |  3.6

Action                   || total
-------------------------++-------
Melee: Dagger            ||     4
 Cast: Pain              ||    13
 Abil: Hop               ||     1
Armor: Robe              ||     1
Dodge: Dodged            ||    16
